 Dungeon Crawl Stone Soup version 0.28.0-1-gb440e238dd (webtiles) character file.

Game seed: 9907132872117647629

5466 croobank the Fighter (level 10, -1/92 HPs)
             Began as a Hill Orc Fighter on Feb 19, 2022.
             Was a Believer of Beogh.
             Slain by a gnoll sergeant (6 damage)
             ... in a bailey.
             The game lasted 00:28:33 (9643 turns).

croobank the Fighter (Hill Orc Fighter)             Turns: 9643, Time: 00:28:36

Health: -1/92      AC: 24    Str: 28    XL:     10   Next: 69%
Magic:  10/10      EV:  7    Int:  8    God:    Beogh [**....]
Gold:   503        SH:  0    Dex: 16    Spells: 9/9 levels left

rFire   + + .      SeeInvis .   K - +11 quarterstaff of Death's Door {venom, rCorr Str-2 Dex+6}
rCold   . . .      Faith    .   (shield currently unavailable)
rNeg    . . .      Spirit   .   s - +1 plate armour
rPois   .          Reflect  .   L - +0 helmet
rElec   .          Harm     .   N - +2 cloak
rCorr   +          Rampage  .   n - +3 pair of gloves "Putwar" {+Blink rF++ Will++}
Will    ++...                   (no boots)
Stlth   ..........              (no amulet)
HPRegen 0.25/turn               k - +6 ring of strength
MPRegen 0.12/turn               g - ring of resist corrosion

@: no status effects
A: no striking features
a: Renounce Religion, Evoke Blink, Smiting


You were in a bailey.
You worshipped Beogh.
Beogh was pleased with you.
You visited 1 branch of the dungeon, and saw 10 of its levels.
You also visited: Bailey.

You collected 503 gold pieces.

Inventory:

Hand Weapons
 a - a +2 war axe
 b - a +0 hunting sling
 e - a +1 dagger of electrocution
 v - a +2 flail of protection
 w - a +2 short sword of freezing
 A - a +2 short sword of protection
 J - a +5 halberd
 K - the +11 quarterstaff of Death's Door (weapon) {venom, rCorr Str-2 Dex+6}
   (You found it on level 7 of the Dungeon)

   It poisons the flesh of those it strikes.
   Str:       It affects your strength (-2).
   Dex:       It affects your dexterity (+6).
   rCorr:     It protects you from acid and corrosion.
 M - a +3 quarterstaff of chaos
Missiles
 d - 129 arrows
 i - 220 stones
 l - 29 poisoned darts (quivered)
 m - 69 sling bullets
 B - 4 throwing nets
 P - 3 javelins
Armour
 c - a +0 buckler
 h - a +1 leather armour of fire resistance
 n - the +3 pair of gloves "Putwar" (worn) {+Blink rF++ Will++}
   (You found it on level 3 of the Dungeon)

   rF:        It greatly protects you from fire.
   +Blink:    It lets you blink.
   Will:      It greatly increases your willpower.
 q - a +0 scale mail
 s - a +1 plate armour (worn)
 L - a +0 helmet (worn)
 N - a +2 cloak (worn)
Magical Staves
 r - a staff of air
Jewellery
 g - a ring of resist corrosion (right hand)
 k - a +6 ring of strength (left hand)
Wands
 j - a wand of flame (60)
 C - a wand of paralysis (11)
 E - a wand of iceblast (14)
Scrolls
 f - a scroll of teleportation
 x - a scroll of fear
 y - a scroll of immolation
 D - a scroll of fog
Potions
 o - a potion of mutation
 p - 2 potions of attraction
 t - 2 potions of cancellation
 u - 2 potions of ambrosia
 z - 2 potions of brilliance {unknown}
 F - 3 potions of curing {unknown}
 G - a potion of degeneration {unknown}
 H - a potion of haste
 I - a potion of lignification


   Skills:
 + Level 9.7 Fighting
 - Level 8.6 Axes
 * Level 5.3 Staves
 + Level 8.9 Armour
 + Level 8.9 Shields


You had 9 spell levels left.
You didn't know any spells.
Your spell library contained the following spells:

 Spells                   Type           Power      Damage    Failure   Level
 Magic Dart               Conj           0%         1d3       98%         1
 Blink                    Tloc           0%         N/A       99%         2
 Searing Ray              Conj           0%         2d4       99%         2
 Lesser Beckoning         Tloc           0%         N/A       100%        3
 Fulminant Prism          Conj/Hex       0%         3d6       100%        4
 Manifold Assault         Tloc           0%         N/A       100%        5
 Borgnjor's Revivificati  Necr           0%         N/A       100%        8
 Necromutation            Tmut/Necr      0%         N/A       100%        8
 Death's Door             Necr           0%         N/A       100%        9


Dungeon Overview and Level Annotations

Branches:
Dungeon (10/15)            Temple (0/1) D:5          Bailey (1/1)
   Lair: D:8-11         Orc: D:9-12

Altars:
Sif Muna

Annotations:
D:5 Blork the orc


Message History

The gnoll sergeant hits you but does no damage.
The gnoll hits you but does no damage.
You hit the gnoll shaman.
You kill the gnoll shaman!
Beogh accepts your kill.
Beogh appreciates your killing of a heretic priest.
The gnoll sergeant hits you but does no damage.
The gnoll hits you from afar with a +0 spear.
* * * LOW HITPOINT WARNING * * *
The gnoll sergeant hits you but does no damage.
The gnoll sergeant hits you with a +0 glaive!
* * * LOW HITPOINT WARNING * * *
The gnoll hits you but does no damage.
The gnoll sergeant hits you but does no damage.
The gnoll hits you but does no damage.
There is an open door, spattered with blood here.
Things that are here:
a +0 trident; a +0 ring mail; a gnoll corpse The gnoll sergeant hits you from afar with a +0 glaive!
* * * LOW HITPOINT WARNING * * *
The gnoll sergeant closely misses you. The gnoll hits you but does no damage.
The gnoll hits you from afar with a +0 spear.
* * * LOW HITPOINT WARNING * * *
There is an open door here.
Okay, then.
What are your orders? t - Shout!
Orders for allies: a - Attack new target. r - Retreat! s - Stop attacking. g - Guard the area. f - Follow me.
Anything else - Cancel.
Okay, then.
As you read the scroll of fear, it crumbles to dust.
You assume a fearsome visage.
The gnoll sergeant resists with some effort.
The gnoll looks frightened! x2
The gnoll sergeant hits you from afar with a +0 glaive.
* * * LOW HITPOINT WARNING * * *
The gnoll sergeant hits you from afar with a +0 glaive.
You die...

##'## ≈♣ ##).)##
≈♣ ##.....## ≈♣
#.. #.......# ≈♣
#.. #...8...#
#...#.......#
#...##.....##
#....##...##
#8....##@##
#...g.#.).#
#...ggg).+
##...#.).#
≈..#####.).####
≈...............
≈≈..............
♣≈≈≈≈≈≈≈≈≈≈≈≈≈≈≈≈
♣♣♣♣♣♣♣♣♣♣♣♣♣♣♣♣♣


You could see a gnoll sergeant (fast) and 2 gnolls.

Vanquished Creatures
  Harold (D:8)
  Maurice (D:8)
  Sigmund (D:4)
  A wyvern (D:10)
  Edmund (D:4)
  2 water moccasins
  2 ice beasts (D:6)
  2 sky beasts
  3 black bears
  A hornet zombie (D:7)
  7 ogres
  2 necrophages
  2 wolves (Bailey)
  3 centaurs
  2 phantoms
  2 kobold brigands (D:7)
  2 bullfrogs
  3 gnoll sergeants (Bailey)
  A scorpion (D:5)
  A water moccasin zombie (D:7)
  4 killer bees (D:7)
  4 wights (D:7)
  A howler monkey (D:9)
  A bullfrog zombie (D:6)
  Crazy Yiuf (D:7)
  A centaur zombie (D:8)
  4 hounds
  4 gnoll shamans (Bailey)
  2 orc priests (D:8)
  A jelly (D:6)
  5 iguanas
  An orc wizard (D:6)
  A killer bee zombie (D:8)
  4 hound skeletons
  9 gnolls (Bailey)
  7 adders
  A shadow imp (D:8)
  3 worms
  3 dart slugs
  17 orcs
  5 ball pythons
  8 endoplasms
  A giant cockroach (D:1)
  5 goblins
  4 hobgoblins
  3 jackals (D:2)
  16 kobolds
  4 bats
  7 frilled lizards
  4 rats
171 creatures vanquished.

Notes
Turn   | Place    | Note
-------+----------+-------------------------------------------
     0 | D:1      | croobank the Hill Orc Fighter began the quest for the Orb.
     0 | D:1      | Reached XP level 1. HP: 19/19 MP: 1/1
   317 | D:1      | Reached XP level 2. HP: 22/27 MP: 2/2
  1269 | D:2      | Reached skill level 4 in Fighting
  1269 | D:2      | Reached XP level 3. HP: 16/33 MP: 3/3
  1645 | D:2      | Reached XP level 4. HP: 16/41 MP: 4/4
  2224 | D:3      | Identified the +3 pair of gloves "Putwar" {+Blink rF++
                  | Will++}
  2272 | D:3      | Noticed a black bear
  2340 | D:3      | Killed a black bear
  2341 | D:3      | Reached XP level 5. HP: 46/47 MP: 5/5
  2844 | D:4      | Noticed a necrophage
  2851 | D:4      | Noticed an ogre
  2853 | D:4      | Killed a necrophage
  2854 | D:4      | Reached skill level 5 in Fighting
  2854 | D:4      | Reached XP level 6. HP: 56/56 MP: 6/6
  2859 | D:4      | Reached skill level 5 in Axes
  2859 | D:4      | Reached skill level 5 in Shields
  2997 | D:4      | Noticed Edmund
  3016 | D:4      | Killed Edmund
  3017 | D:4      | Reached skill level 5 in Armour
  3017 | D:4      | Reached XP level 7. HP: 30/62 MP: 7/7
  3299 | D:4      | Became a worshipper of Beogh the Brigand
  3324 | D:4      | Noticed Sigmund
  3336 | D:4      | Killed Sigmund
  3337 | D:4      | Reached skill level 6 in Fighting
  3617 | D:5      | Entered Level 5 of the Dungeon
  3770 | D:5      | Reached XP level 8. HP: 44/71 MP: 8/8
  3952 | D:5      | Noticed Blork the orc
  3959 | D:5      | Found a shimmering blue altar of Sif Muna.
  4461 | D:5      | Found a staircase to the Ecumenical Temple.
  4827 | D:6      | Reached skill level 7 in Fighting
  5326 | D:6      | Reached XP level 9. HP: 15/79 MP: 9/9
  5972 | D:6      | Reached skill level 8 in Fighting
  6235 | D:7      | Identified the +11 quarterstaff of Death's Door {venom,
                  | rCorr Str-2 Dex+6}
  6353 | D:7      | Found a runed translucent door.
  6354 | D:7      | Noticed Crazy Yiuf
  6359 | D:7      | Killed Crazy Yiuf
  6359 | D:7      | Reached * piety under Beogh
  6402 | D:7      | Reached skill level 1 in Staves
  7550 | D:8      | Reached XP level 10. HP: 69/90 MP: 10/10
  7718 | D:8      | Reached skill level 9 in Fighting
  7904 | D:8      | Noticed Maurice
  7915 | D:8      | Killed Maurice
  8405 | D:8      | Noticed Harold
  8415 | D:8      | Killed Harold
  8623 | D:9      | Noticed a molten gargoyle
  8625 | D:9      | Noticed a molten gargoyle
  8626 | D:9      | Noticed a molten gargoyle
  8627 | D:9      | Noticed a molten gargoyle
  8649 | D:10     | Entered Level 10 of the Dungeon
  9172 | D:10     | Found a flagged portal.
  9194 | Bailey   | Entered a bailey
  9287 | Bailey   | Reached skill level 5 in Staves
  9589 | Bailey   | Reached ** piety under Beogh
  9643 | Bailey   | Slain by a gnoll sergeant

Illustrated notes

Levels and vault maps discovered:
D:1:      co_arrival_two_rings, layout_loops_corners
D:2:      layout_basic, minmay_stone_trees_small, kennysheep_generic_room_6
D:3:      layout_loops_ring, nrook_loot_triangle, st_stairs_2,
          minmay_misc_feat_iff, kennysheep_generic_room_11
D:4:      layout_cave_pools, uniq_sigmund, uniq_edmund
D:5:      layout_loops_corners, tgw_sif, temple_pool_b, bh_walls_and_bars
D:6:      layout_basic
D:7:      layout_basic, minmay_circle_x, uniq_crazy_yiuf_cottage
D:8:      layout_basic, uniq_harold, uniq_maurice
D:9:      layout_basic, minivault_8, uniq_maggie
D:10:     layout_loops_ring, enter_bailey_3, serial_shops,
          nicolae_lakefront_shop
Bailey:   bailey_polearm_gnolls_kennysheep, bailey

Skill      XL: |  1  2  3  4  5  6  7  8  9 10 |
---------------+-------------------------------+-----
Axes           | 3 4 5 6 7 8 |  8.6
Fighting       | 4 5 6 7 8 9 |  9.7
Shields        | 4 5 7 8 |  8.9
Armour         | 4 5 6 8 |  8.9
Staves         | 3 5 |  5.3

Action                   |  1- 3 |  4- 6 |  7- 9 | 10-12 || total
-------------------------+-------+-------+-------+-------++-------
Melee: War axe           |   109 |    63 |   167 |       ||   339
       Quarterstaff      |       |       |    61 |   129 ||   190
Invok: Convert to Beogh  |       |       |     1 |       ||     1
Evoke: Wand              |       |     3 |     3 |     2 ||     8
  Use: Potion            |     1 |     1 |     1 |     1 ||     4
       Scroll            |       |    10 |     9 |     3 ||    22
Armor: Scale mail        |    65 |    45 |   138 |    26 ||   274
       Plate armour      |       |       |       |   162 ||   162
Dodge: Dodged            |    43 |    30 |    80 |    95 ||   248
Block: Buckler           |    22 |    17 |    48 |       ||    87
